 Dungeon Crawl Stone Soup version 0.22.1-1-ga44c0e5 (webtiles) character file.

385 Harpaggios the Gusty (level 6, -2/32 HPs)
             Began as a Tengu Air Elementalist on Oct 18, 2018.
             Slain by a howler monkey (8 damage)
             ... on level 4 of the Dungeon.
             The game lasted 00:28:09 (3713 turns).

Harpaggios the Gusty (Tengu Air Elementalist)       Turns: 3713, Time: 00:28:10

Health: -2/32      AC:  3    Str:  8    XL:     6   Next: 77%
Magic:  1/12       EV: 13    Int: 17    God:
Gold:   102        SH:  0    Dex: 17    Spells: 6/12 levels left

rFire    . . .     SeeInvis .   d - +2 dagger (drain)
rCold    . . .     Gourm    .   (no shield)
rNeg     + . .     Faith    .   a - +1 robe
rPois    .         Spirit   .   (helmet restricted)
rElec    .         Reflect  .   (no cloak)
rCorr    .         Harm     .   (no gloves)
MR       .....                  (boots unavailable)
Stlth    ++........             (no amulet)
HPRegen  0.10/turn              j - ring of positive energy
MPRegen  0.13/turn              k - +2 ring of dexterity

@: no status effects
A: beak, talons 3, able to fly 1
a: Fly


You were on level 4 of the Dungeon.
You were hungry.

You visited 1 branch of the dungeon, and saw 4 of its levels.

You collected 102 gold pieces.

Inventory:

Hand Weapons
 d - a +2 dagger of draining (weapon)
 n - a +2 dagger of freezing
Armour
 a - a +1 robe (worn)
 f - a +3 ring mail
Jewellery
 j - a ring of positive energy (left hand)
 k - a +2 ring of dexterity (right hand)
Wands
 g - a wand of polymorph (5)
Scrolls
 l - 3 scrolls of identify
Potions
 e - a potion of flight
 h - 3 potions of agility
 i - 3 potions of curing
 m - a potion of magic {unknown}
Comestibles
 c - 15 rations


   Skills:
 - Level 2.1 Dodging
 - Level 2.0 Stealth
 + Level 3.6 Spellcasting
 + Level 4.5 Conjurations
 * Level 7.3 Air Magic


You had 6 spell levels left.
You knew the following spells:

 Your Spells              Type           Power        Failure   Level  Hunger
a - Shock                 Conj/Air       ###.         1%          1    None
b - Swiftness             Chrm/Air       ###.....     5%          2    ##.....
c - Static Discharge      Conj/Air       ###.....     4%          3    ###....

Your spell library contained the following spells:

 Spells                   Type           Power        Failure   Level  Hunger
 Airstrike                Air            ####......   9%          4    ####...
 Lightning Bolt           Conj/Air       ###.......   36%         5    ######.


Dungeon Overview and Level Annotations

Branches:
Dungeon (4/15)
 Temple: D:4-7

Altars:

Annotations:
D:3 1 runed door, emiel's ghost, amateur OpFi


Innate Abilities, Weirdness & Mutations

You have a beak for a mouth.
You have claws for feet.
You can fly.


Message History

The orc hits you but does no damage. The howler monkey hits you.
* * * LOW HITPOINT WARNING * * *
Casting: Static Discharge (safe; 4% risk of failure)
Confirm with . or Enter, or press ? or * to list all spells.
The orc is struck by lightning.
You kill the orc!
The lightning grounds out.
The howler monkey hits you.
* * * LOW HITPOINT WARNING * * *
Unknown command.
An orc comes into view.
The howler monkey closely misses you.
The orc moves out of view.
An orc wizard comes into view. It is wielding a dagger.
The howler monkey completely misses you.
The orc wizard moves out of view.
Things that are here:
an enchanted dagger; a tomahawk; an orc corpse You hit the howler monkey.
The howler monkey is heavily wounded.
The howler monkey hits you!
You die...

#..... ##....# ##
##.....###..
#......#.... .
##..........# .
##..).......# ..
##....<......# $.#
##.....)h....##
..)######o......@.(..#
..)...oo.............##
#%)..................#
#....................#
##..........#####.....
##........## .(...
#....[...# ...#
#........# ..##
#..........#


You could see a howler monkey and an orc.

Vanquished Creatures
  3 orc priests
  2 orc wizards
  Jessica (D:2)
  Natasha (thrice) (D:2)
  6 adders
  An ooze (D:3)
  A leopard gecko (D:2)
  13 orcs
  7 bats
  3 giant cockroaches
  4 goblins
  7 hobgoblins
  9 kobolds
  2 quokkas
  6 frilled lizards
  8 rats
76 creatures vanquished.

Notes
Turn   | Place    | Note
-------+----------+-------------------------------------------
     0 | D:1      | Harpaggios the Tengu Air Elementalist began the quest for
                  | the Orb.
     0 | D:1      | Reached XP level 1. HP: 10/10 MP: 4/4
   409 | D:1      | Reached XP level 2. HP: 15/15 MP: 1/6
   831 | D:2      | Learned a level 2 spell: Swiftness
   975 | D:2      | Reached XP level 3. HP: 19/19 MP: 1/7
  1241 | D:2      | Noticed Jessica
  1243 | D:2      | Killed Jessica
  1243 | D:2      | Reached skill level 5 in Air Magic
  1243 | D:2      | Reached XP level 4. HP: 24/24 MP: 3/9
  1345 | D:2      | Noticed Natasha
  1353 | D:2      | Killed Natasha
  1828 | D:2      | Noticed Natasha
  1844 | D:2      | Killed Natasha
  1844 | D:2      | Gained mutation: You can fly. [Tengu growth]
  1844 | D:2      | Reached XP level 5. HP: 12/28 MP: 2/10
  1879 | D:2      | Noticed Natasha
  1887 | D:2      | Killed Natasha
  2126 | D:2      | Reached skill level 6 in Air Magic
  2838 | D:3      | Found a runed door.
  2849 | D:3      | Noticed emiel's ghost (amateur OpFi)
  2877 | D:3      | Reached XP level 6. HP: 32/32 MP: 7/11
  3252 | D:3      | Learned a level 3 spell: Static Discharge
  3443 | D:4      | Reached skill level 7 in Air Magic
  3713 | D:4      | Slain by a howler monkey

Skill      XL: |  1  2  3  4  5  6 |
---------------+-------------------+-----
Conjurations   | 2 3 4 |  4.5
Air Magic      | 5 6 7 |  7.3
Spellcasting   | 3 |  3.6
Dodging        | |  2.1
Stealth        | |  2.0

Action                   |  1- 3 |  4- 6 || total
-------------------------+-------+-------++-------
Melee: Unarmed           |    26 |     1 ||    27
       Kick              |     5 |     1 ||     6
       Peck              |     3 |     3 ||     6
       Dagger            |       |    16 ||    16
 Cast: Shock             |    38 |   108 ||   146
       Static Discharge  |       |     6 ||     6
  Use: Scroll            |     3 |     3 ||     6
       Potion            |     1 |     4 ||     5
  Eat: Chunk             |     1 |     8 ||     9
Armor: Robe              |    17 |     8 ||    25
Dodge: Dodged            |    36 |    25 ||    61
